 Dungeon Crawl Stone Soup version 0.30-a0-723-gc1506a1cf0 (webtiles) character file.

Game seed: 12553164992782736248

312 PriceMaster the Conjurer (level 6, -3/33 HPs)
             Began as an Octopode Conjurer on Jan 28, 2023.
             Slain by an ogre
             ... wielding a +0 giant club
              (36 damage)
             ... on level 4 of the Dungeon.
             The game lasted 00:13:01 (3349 turns).

PriceMaster the Conjurer (Octopode Conjurer)        Turns: 3349, Time: 00:13:02

Health: -3/33      AC:  1    Str:  8    XL:     6   Next: 42%
Magic:  6/11       EV: 13    Int: 21    God:
Gold:   213        SH:  0    Dex: 10    Spells: 9/12 levels left

rFire   . . .      SeeInvis .    s - +5 spear (venom)
rCold   . . .      Faith    .    (no shield)
rNeg    . . .      Spirit   .    (helmet restricted)
rPois   .          Reflect  .    (no amulet)
rElec   .          Harm     .    (no ring)
rCorr   .          Rampage  .    (no ring)
Will    +....                    (no ring)
Stlth   +++                      (no ring)
HPRegen 0.25/turn                (no ring)
MPRegen 0.12/turn                (no ring)
                                 (no ring)
                                 (no ring)

@: very slightly contaminated
A: almost no armour, amphibious, 8 rings, camouflage 1, gelatinous body 1,
(nimble swimmer 1), tentacles, frail 1, strong-willed 1
a: no special abilities


You were on level 4 of the Dungeon.
You visited 1 branch of the dungeon, and saw 6 of its levels.

You collected 213 gold pieces.

Inventory:

Hand Weapons
 e - a +0 dagger
 o - a +0 dagger of draining
 s - a +5 spear of venom (weapon)
 v - a +0 great sword of flaming
Missiles
 f - 22 stones
 q - 3 boomerangs
Armour
 p - a +0 leather armour
Magical Staves
 a - a staff of earth
Scrolls
 b - 2 scrolls of amnesia
 c - a scroll of enchant weapon
 g - 4 scrolls of teleportation
 i - a scroll of enchant armour
 j - 2 scrolls of fear {unknown}
 k - a scroll of torment {unknown}
 n - a scroll of vulnerability {unknown}
 r - 2 scrolls of immolation {unknown}
Potions
 d - a potion of heal wounds
 h - a potion of might {unknown}
 l - a potion of mutation
 m - a potion of magic
 t - 2 potions of brilliance {unknown}
 u - 3 potions of curing {unknown}
 x - a potion of ambrosia {unknown}


   Skills:
 + Level 0.8 Fighting
 - Level 0.5 Short Blades
 * Level 0.4(1.2) Polearms
 - Level 1.7(1.8) Staves
 + Level 2.5 Dodging
 + Level 3.8 Stealth
 * Level 3.6 Spellcasting
 + Level 5.3 Conjurations
 + Level 0.4 Evocations


You had 9 spell levels left.
You knew the following spells:

 Your Spells              Type           Power      Damage    Failure   Level
a - Magic Dart            Conj           100%       1d8       1%          1
b - Searing Ray           Conj           52%        2d6       1%          2

Your spell library contained the following spells:

 Spells                   Type           Power      Damage    Failure   Level
 Dazzling Flash           Conj/Hex       30%        N/A       12%         3
 Fulminant Prism          Conj/Hex       7%         3d6       38%         4
 Iskenderun's Mystic Bla  Conj/Tloc      15%        2d5       38%         4


Dungeon Overview and Level Annotations

Branches:
Dungeon (6/15)
 Temple: D:4-7

Altars:


Innate Abilities, Weirdness & Mutations

You cannot wear most types of armour.
You are amphibious.
You can wear up to eight rings at the same time.
Your skin changes colour to match your surroundings (Stealth+).
Your rubbery body absorbs attacks. (AC +1, EV +1)
((You are camouflaged when in or above water. (Stealth+)))
You have tentacles for arms and can constrict up to eight enemies at once.
You are frail. (-10% HP)
You are strong-willed. (Will+)


Message History

The ogre attacks as you move away! The ogre closely misses you.
There is an open door here.
Casting: Searing Ray (safe; 1% risk of failure)
Confirm with . or Enter, or press ? or * to list all spells.
Aiming: Magic Dart (safe; 1% risk of failure)
Press: ? - help, Shift-Dir - straight line, f/p - ogre
Aim: an ogre, wielding a +0 giant club (moderately wounded, 100% to hit)
Okay, then.
Casting: Magic Dart (safe; 1% risk of failure)
Confirm with . or Enter, or press ? or * to list all spells.
Aiming: Searing Ray (safe; 1% risk of failure)
Press: ? - help, Shift-Dir - straight line, f/p - ogre
Aim: an ogre, wielding a +0 giant club (moderately wounded, 90% to hit)
Okay, then.
Casting: Searing Ray (safe; 1% risk of failure)
Confirm with . or Enter, or press ? or * to list all spells.
Aiming: Searing Ray (safe; 1% risk of failure)
Press: ? - help, Shift-Dir - straight line, f - ogre, p - ogre
Aim: an ogre, wielding a +0 giant club (90% to hit)
You miscast Searing Ray.
You are very lightly contaminated with residual magic.
Nothing appears to happen.
Casting: Searing Ray (safe; 1% risk of failure)
Confirm with . or Enter, or press ? or * to list all spells.
You don't know that spell.
You barely miss the ogre. Your squeeze misses the ogre.
The ogre is moderately wounded.
The ogre hits you with a +0 giant club!!
Ouch! That really hurt!
You feel much better. The ogre barely misses you.
Casting: Searing Ray (safe; 1% risk of failure)
Confirm with . or Enter, or press ? or * to list all spells.
Aiming: Searing Ray (safe; 1% risk of failure)
Press: ? - help, Shift-Dir - straight line, f - ogre, p - ogre
Aim: an ogre, wielding a +0 giant club (moderately wounded, 90% to hit)
The searing ray misses the ogre. (Press . to maintain the ray.)
The ogre hits you with a +0 giant club!!!
Ouch! That really hurt!
You die...

..' #### ######..#
##..###...##..#
#.............#######
###............#.....#
.##......[.....#.....#
.##..###...##..##....#
.##..###...##..##....#
.#†.........#..O@....#
!'..........'..#O....#
.###.#########.#######
.###.# ##..###'####..#
..#... .......†.......
..#.............O.....
#########..###...##...
####..# #+ ##### ..
......# ##### ###


You could see 2 ogres.

Vanquished Creatures
  A centaur (D:6)
  A hound (D:6)
  An iguana (D:6)
  An orc wizard (D:2)
  Robin (D:2)
  6 adders
  A worm (D:2)
  5 dart slugs
  4 orcs
  4 ball pythons
  5 bats
  3 endoplasms
  2 giant cockroaches
  10 hobgoblins
  5 quokkas
  2 frilled lizards
  17 goblins
  4 kobolds
  7 rats
80 creatures vanquished.

Notes
Turn   | Place    | Note
-------+----------+-------------------------------------------
     0 | D:1      | PriceMaster the Octopode Conjurer began the quest for the
                  | Orb.
     0 | D:1      | Reached XP level 1. HP: 11/11 MP: 3/3
   265 | D:1      | Reached XP level 2. HP: 13/17 MP: 5/5
   855 | D:2      | Learned a level 2 spell: Searing Ray
   928 | D:2      | Noticed Robin
   937 | D:2      | Reached XP level 3. HP: 17/21 MP: 6/6
   949 | D:2      | Killed Robin
   983 | D:2      | Reached XP level 4. HP: 26/27 MP: 1/7
  1300 | D:2      | Reached skill level 5 in Conjurations
  1995 | D:3      | Reached XP level 5. HP: 26/31 MP: 9/9
  2414 | D:3      | Reached skill level 1 in Staves
  2740 | D:4      | You fall into a shaft and drop 2 floors!
  2760 | D:6      | Noticed a centaur
  2763 | D:6      | Gained mutation: You are frail. (-10% HP) [potion of
                  | mutation]
  2763 | D:6      | Gained mutation: You are strong-willed. (Will+) [potion of
                  | mutation]
  2767 | D:6      | Killed a centaur
  2768 | D:6      | Reached XP level 6. HP: 19/33 MP: 4/11
  2910 | D:5      | Entered Level 5 of the Dungeon
  3349 | D:4      | Slain by an ogre

Illustrated notes

Levels and vault maps discovered:
D:1:      dpeg_arrival_subterranean_lakeside_camping, layout_basic
D:2:      layout_loops_ring, minmay_statues_item, uniq_robin
D:3:      layout_basic, kennysheep_generic_room_13
D:4:      layout_gridville, uniq_natasha
D:5:      cheibrodos_helix_gallery, layout_rooms, elyvilon_altar_1,
          biasface_ghost_orc_armoury, amethyst_killhole, chequers_big_river,
          minmay_joined_circles, uniq_crazy_yiuf_cottage
D:6:      layout_layer_cave, nicolae_ashenzari_panopticon

Skill      XL: |  1  2  3  4  5 |
---------------+----------------+-----
Stealth        | 3 |  3.8
Conjurations   | 5 |  5.3
Spellcasting   | 3 |  3.6
Staves         | 1 |  1.7
Fighting       | |  0.8
Short Blades   | |  0.5
Polearms       | |  0.4
Dodging        | |  2.5
Evocations     | |  0.4

Action                     |  1- 3 |  4- 6 || total
---------------------------+-------+-------++-------
  Melee: Unarmed           |     4 |       ||     4
         Dagger            |    23 |       ||    23
         Constrict         |    13 |    11 ||    24
         Tentacles         |    10 |    10 ||    20
         Staff             |     4 |    30 ||    34
         Spear             |       |    24 ||    24
         Punch             |       |     1 ||     1
   Cast: Magic Dart        |    29 |    51 ||    80
         Searing Ray       |     5 |    15 ||    20
    Use: Potion            |     1 |     5 ||     6
         Scroll            |       |     9 ||     9
   Stab: Sleeping          |     1 |     3 ||     4
 Armour: Skin              |     2 |     2 ||     4
  Dodge: Dodged            |    22 |    35 ||    57

Table legend: (Time is in decaauts)
 A = Elapsed time spent in this place.
 B = Non-inter-level travel time spent in this place.
 C = Inter-level travel time spent in this place.
 D = Time resting spent in this place.
 E = Time spent auto-exploring this place.
 F = Levels seen in this place.
 G = Mean time per level.
                   A        B        C        D        E       F      G
               +--------+--------+--------+--------+--------+-----+--------+
         Total |   3353 |   3171 |    182 |    242 |   2347 |   6 |  558.8 |
       Dungeon |   3353 |   3171 |    182 |    242 |   2347 |   6 |  558.8 |
               +--------+--------+--------+--------+--------+-----+--------+

Top non-repeatable levels by time:
     D:2: 1029 daAuts
     D:3: 879 daAuts
     D:1: 831 daAuts
     D:4: 437 daAuts
     D:6: 170 daAuts
     D:5: 5 daAuts
